 Dungeon Crawl Stone Soup version 0.29.0-11-gd7f09526c8 (webtiles) character file.

Game seed: 3650523079496584499

56 Flugkiller the Trooper (level 3, 0/33 HPs)
             Began as a Minotaur Fighter on Sept 4, 2022.
             Slain by a worm (5 damage)
             ... on level 2 of the Dungeon.
             The game lasted 00:00:41 (774 turns).

Flugkiller the Trooper (Minotaur Fighter)            Turns: 774, Time: 00:00:41

Health: 0/33       AC:  7    Str: 20    XL:     3   Next: 71%
Magic:  2/2        EV:  8    Int:  5    God:
Gold:   60         SH:  8    Dex: 11    Spells: 2/2 levels left

rFire   + . .      SeeInvis .   a - +0 war axe
rCold   . . .      Faith    .   q - +0 kite shield
rNeg    . . .      Spirit   .   b - +0 scale mail
rPois   .          Reflect  .   (helmet restricted)
rElec   .          Harm     .   (no cloak)
rCorr   .          Rampage  .   (no gloves)
Will    .....                   (no boots)
Stlth   ..........              (no amulet)
HPRegen 0.11/turn               f - ring of protection from fire
MPRegen 0.08/turn               (no ring)

@: attractive
A: horns 2, retaliatory headbutt
a: no special abilities


You were on level 2 of the Dungeon.
You visited 1 branch of the dungeon, and saw 2 of its levels.

You collected 60 gold pieces.

Inventory:

Hand Weapons
 a - a +0 war axe (weapon)
Armour
 b - a +0 scale mail (worn)
 c - a +0 buckler
 q - a +0 kite shield (worn)
   (You found it on level 2 of the Dungeon)
Jewellery
 f - a ring of protection from fire (left hand)
   (You found it on level 1 of the Dungeon)
Scrolls
 e - a scroll of fog {unknown}
 g - 4 scrolls of amnesia {unknown}
 l - a scroll of blinking {unknown}
 m - a scroll of enchant armour {unknown}
 n - a scroll of teleportation {unknown}
 o - a scroll of identify {unknown}
Potions
 d - 3 potions of might
 h - a potion of attraction
 i - a potion of curing {unknown}
 j - a potion of lignification {unknown}
 k - a potion of haste {unknown}
 p - 2 potions of heal wounds {unknown}


   Skills:
 + Level 4.2 Fighting
 * Level 4.0 Axes
 + Level 4.2 Armour
 - Level 3.6 Shields


You had 2 spell levels left.
You didn't know any spells.
Your spell library was empty.

Dungeon Overview and Level Annotations

Branches:
Dungeon (2/15)

Altars:

Shops:
D:1 (=[


Innate Abilities, Weirdness & Mutations

You have a pair of horns on your head.
You reflexively headbutt those who attack you in melee.


Message History

The jelly hits you but does no damage.
You hit the jelly.
Your hands burn!
You headbutt the jelly.
You kill the jelly!
You have reached level 3!
Your experience leads to an increase in your attributes!
Increase (s)trength, (i)ntelligence, or (d)exterity?
You feel agile. x2
HP restored.
A ball python comes into view.
The ball python hisses angrily.
A ball python is nearby!
A ball python is nearby!
A ball python is nearby!
The ball python bites you but does no damage.
The ball python barely misses you. The ball python bites you.
The ball python grabs you. The ball python constricts you.
You hit the ball python.
You kill the ball python!
No target in view!
No target in view!
No target in view!
No target in view!
No target in view!
No target in view!
o - a scroll labelled QECEZAI ILUPU
p - 2 emerald potions You see here a ball python corpse.
A rat comes into view.
Found a dagger.
A rat is nearby!
A rat is nearby!
A rat is nearby!
Found a kite shield.
The rat barely misses you. You furiously retaliate!
You headbutt the rat!
You kill the rat!
No target in view!
No target in view!
No target in view!
No target in view!
No target in view!
An endoplasm comes into view.
The endoplasm quivers.
An endoplasm is nearby!
An endoplasm is nearby!
An endoplasm is nearby!
The endoplasm closely misses you.
You slash the endoplasm!
You kill the endoplasm!
No target in view!
No target in view!
No target in view!
No target in view!
You see here a +0 kite shield.
q - a +0 kite shield You start removing your armour.
You continue taking off your +0 buckler. x4
You finish taking off your +0 buckler.
You start putting on your armour.
You continue putting on your +0 kite shield. x5
You finish putting on your +0 kite shield.
A goblin comes into view. It is wielding a +0 club.
The goblin shouts!
A goblin is nearby!
A goblin is nearby!
A goblin is nearby!
You block the goblin's attack.
You slash the goblin!
You kill the goblin!
Your Axes skill increases to level 4!
No target in view!
No target in view!
No target in view!
No target in view!
No target in view!
No target in view!
You see here a +0 club.
You see here a +0 club.
Found 6 curare-tipped darts.
g - 4 scrolls labelled JEXEPN ZIHEPS (gained 3)
A hobgoblin comes into view. It is wielding a +0 great mace.
A hobgoblin is nearby!
A hobgoblin is nearby!
A worm comes into view.
The hobgoblin hits you with a +0 great mace.
You barely miss the hobgoblin.
The hobgoblin hits you with a +0 great mace! x2
* * * LOW HITPOINT WARNING * * *
You are too injured to fight recklessly!
You are too injured to fight recklessly!
You are too injured to fight recklessly!
You are too injured to fight recklessly!
You are too injured to fight recklessly!
Unknown command.
It was a potion of attraction.
You feel attractive to monsters. The hobgoblin barely misses you.
You hit the hobgoblin.
The hobgoblin is almost dead.
You slash the worm! You block the hobgoblin's attack. The worm bites you.
You die...

#...........## #..
#....##.#.### #..
##.....#.#.# #...
#........#.####
#...#####........#.....
##................†.....
..................##....
......w........#........
......g@...##......#<...
.#....####.#######.#....
#... ..# #.#.... #..
#### #.##### #. #.# #
#.# #.# #.##### #.#....


You could see a worm and a hobgoblin.

Vanquished Creatures
  A jelly (D:2)
  2 ball pythons
  4 endoplasms
  4 goblins
  2 hobgoblins (D:1)
  2 quokkas (D:1)
  5 bats (D:1)
  A frilled lizard (D:1)
  4 kobolds (D:1)
  2 rats
27 creatures vanquished.

Notes
Turn   | Place    | Note
-------+----------+-------------------------------------------
     0 | D:1      | Flugkiller the Minotaur Fighter began the quest for the
                  | Orb.
     0 | D:1      | Reached XP level 1. HP: 19/19 MP: 0/0
    57 | D:1      | Found Inicaru's Jewellery Shop.
   141 | D:1      | Reached XP level 2. HP: 26/27 MP: 1/1
   210 | D:1      | Found Ysochun's Weapon Shoppe.
   444 | D:1      | Found Xoistront's Antique Armour Emporium.
   584 | D:2      | Reached XP level 3. HP: 27/33 MP: 2/2
   774 | D:2      | Slain by a worm

Illustrated notes

Levels and vault maps discovered:
D:1:      dpeg_arrival_pond, layout_rooms, serial_shops,
          nicolae_shop_window_shopping, nicolae_shop_statue_plus,
          nicolae_shop_statue_plus
D:2:      layout_loops_cross, serial_shops, shop, uniq_natasha

Skill      XL: |  1  2  3 |
---------------+----------+-----
Axes           | 3 4 |  4.0
Fighting       | 4 |  4.2
Armour         | 4 |  4.2
Shields        | |  3.6

Action                   || total
-------------------------++-------
Melee: War axe           ||    51
       Headbutt          ||     6
  Use: Potion            ||     1
Armor: Scale mail        ||    29
Dodge: Dodged            ||    29
Block: Buckler           ||    12
       Kite shield       ||     2
